 Dungeon Crawl Stone Soup version 0.21-a0-170-g0398fc9 (webtiles) character file.

189 Moloch the Slasher (level 5, -7/42 HPs)
             Began as a Vampire Fighter on Aug 6, 2017.
             Was an Initiate of Okawaru.
             Killed by divine providence
             ... invoked by an orc priest
              (11 damage)
             ... on level 3 of the Dungeon.
             The game lasted 00:04:16 (1735 turns).

Moloch the Slasher (Vampire Fighter)                Turns: 1735, Time: 00:04:17

Health: -7/42      AC: 10    Str: 15    XL:     5   Next: 40%
Magic:  5/5        EV:  6    Int: 10    God:    Okawaru [......]
Gold:   131        SH: 10    Dex: 15    Spells: 4/4 levels left

rFire    . . .     SeeInvis +   a - +0 long sword
rCold    . . .     Gourm    .   w - +2 shield
rNeg     . . .     Faith    .   b - +0 scale mail
rPois    .         Spirit   .   (no helmet)
rElec    .         Reflect  .   (no cloak)
rCorr    .         Harm     .   u - +0 pair of gloves
MR       .....                  g - +2 pair of boots
Stlth    ..........             (no amulet)
HPRegen  0.34/turn              (no ring)
MPRegen  0.09/turn              (no ring)

@: regenerating quickly
A: fangs 3, see invisible, unbreathing
a: Renounce Religion


You were on level 3 of the Dungeon.
You worshipped Okawaru.
Okawaru was noncommittal.
You were almost alive.

You visited 1 branch of the dungeon, and saw 3 of its levels.

You collected 131 gold pieces.

Inventory:

Hand Weapons
 a - a +0 long sword (weapon)
Missiles
 l - a throwing net (quivered)
Armour
 b - a +0 scale mail (worn)
 g - a +2 pair of boots (worn)
 u - a +0 pair of gloves (worn)
 w - a +2 shield (worn)
Scrolls
 h - a scroll of immolation {unknown}
 i - 3 scrolls of identify {unknown}
 j - a scroll of noise {unknown}
 k - a scroll of magic mapping {unknown}
 n - a scroll of remove curse {unknown}
 o - a scroll of recharging {unknown}
 s - 2 scrolls of enchant weapon {unknown}
 v - a scroll of teleportation {unknown}
Potions
 d - 2 potions of might
 e - 8 potions of blood
 f - a potion of ambrosia {unknown}
 m - a potion of degeneration {unknown}
 p - 2 potions of resistance {unknown}
 q - 2 potions of heal wounds {unknown}
 r - 2 potions of curing {unknown}
 t - a potion of magic {unknown}


   Skills:
 * Level 3.9 Fighting
 * Level 4.4 Long Blades
 - Level 2.5 Armour
 - Level 2.6 Shields
 * Level 0.6 Invocations


You had 4 spell levels left.
You didn't know any spells.

Dungeon Overview and Level Annotations

Branches:
Dungeon (3/15)

Altars:
Okawaru


Innate Abilities, Weirdness & Mutations

Your natural rate of healing is unusually fast.
You have razor-sharp teeth.
You have supernaturally acute eyesight. (SInv)
You can survive without breathing.


Message History

You struggle to resist.
You hit the orc priest.
You kill the orc priest!
Okawaru accepts your kill. The orc priest hits you.
The orc priest mumbles some strange prayers to Beogh against you.
Beogh smites you!
* * * LOW HITPOINT WARNING * * *
You block the orc's attack.
The orc priest looks encouraged for a moment.
Unknown command.
You block the orc's attack.
The orc priest invokes the aid of Beogh against you.
Beogh smites you!
* * * LOW HITPOINT WARNING * * *
There is a stone staircase leading down here.
Items here: ))) [[[ ÷÷ The orc priest invokes the aid of Beogh against you.
Beogh smites you!
You die...

#....[......#####..#
#.#########........#
####.#### #..#####.
#.......# #..#
#.#####.# #..### #
#.# #....# #.#
#.##.# #.# #.##.#
#.#####.# #@##.#
#.....÷.######>##.#
####..........o##.#
##########..##.#
#.o##.######.#
#######..##........#
.............#####.#
###.....#..........#
#..[#...)#########


You could see an orc priest and an orc.

Vanquished Creatures
  A hound (D:3)
  2 orc priests (D:3)
  2 adders (D:2)
  2 worms (D:2)
  A dart slug (D:1)
  2 leopard geckos (D:1)
  4 orcs
  9 bats
  3 giant cockroaches
  10 goblins
  3 hobgoblins (D:2)
  12 jackals (D:2)
  6 frilled lizards
  6 kobolds
  2 rats
65 creatures vanquished.

Notes
Turn   | Place    | Note
-------+----------+-------------------------------------------
     0 | D:1      | Moloch the Vampire Fighter began the quest for the Orb.
     0 | D:1      | Reached XP level 1. HP: 17/17 MP: 1/1
   198 | D:1      | Reached XP level 2. HP: 24/24 MP: 2/2
   830 | D:2      | Reached XP level 3. HP: 29/29 MP: 3/3
   983 | D:2      | Reached skill level 3 in Long Blades
  1093 | D:2      | Found an iron altar of Okawaru.
  1103 | D:2      | Became a worshipper of Warmaster Okawaru
  1275 | D:2      | Found a faded altar of an unknown god.
  1346 | D:2      | Reached XP level 4. HP: 36/37 MP: 4/4
  1667 | D:3      | Reached skill level 4 in Long Blades
  1674 | D:3      | Reached XP level 5. HP: 31/42 MP: 5/5
  1730 | D:3      | HP: 2/42 [orc priest/divine providence (9)]
  1735 | D:3      | Killed from afar by an orc priest

Vault maps used:
D:1:      saegor_arrival_simple_a, serial_bayou_pond_e
D:2:      okawaru_trees_2, chequers_ecumenical_altar_island

Skill      XL: |  1  2  3  4 |
---------------+-------------+-----
Fighting       | 3 |  3.9
Long Blades    | 3 4 |  4.4
Armour         | |  2.5
Shields        | |  2.6
Invocations    | |  0.6

Action                   |  1- 3 |  4- 6 || total
-------------------------+-------+-------++-------
Melee: Long sword        |   105 |    59 ||   164
       Bite              |    12 |     8 ||    20
  Use: Potion            |     4 |     8 ||    12
Armor: Scale mail        |    63 |    31 ||    94
Dodge: Dodged            |    40 |    15 ||    55
Block: Shield            |    51 |    24 ||    75
       Rpst.: Long sword |    14 |     3 ||    17
